 Dungeon Crawl Stone Soup version 0.21.1-1-g345015f (webtiles) character file.

3605 tidbits the Magician (level 10, 0/77 HPs)
             Began as a Gnoll Skald on June 25, 2018.
             Was an Elder of Cheibriados.
             Slain by Grum
             ... wielding a +1 spear of freezing
              (2 damage)
             ... on level 1 of the Lair of Beasts.
             The game lasted 00:22:05 (1952 turns).

tidbits the Magician (Gnoll Skald)                  Turns: 1952, Time: 00:22:06

Health: 0/77       AC: 12    Str: 22    XL:     10   Next: 10%
Magic:  18/20      EV: 18    Int: 28    God:    Cheibriados [****..]
Gold:   295        SH:  7    Dex: 24    Spells: 12/23 levels left

rFire    . . .     SeeInvis .   y - +0 flail (drain)
rCold    . . .     Gourm    .   D - +1 buckler
rNeg     . . .     Faith    .   B - +0 robe (curse)
rPois    .         Spirit   .   E - +2 helmet
rElec    .         Reflect  .   C - +2 cloak
rCorr    .         Harm     .   G - +0 pair of gloves
MR       .....                  (no boots)
Stlth    +++.......             (no amulet)
HPRegen  0.22/turn              g - ring of wizardry
MPRegen  0.17/turn              A - ring of wizardry

@: about to teleport, singing, very slow
A: distributed training, fangs 1, thin metallic scales 1, blurry vision 1,
screaming 1, strong nose
a: Bend Time, Temporal Distortion, Slouch, Renounce Religion


You were on level 1 of the Lair of Beasts.
You worshipped Cheibriados.
Cheibriados was greatly pleased with you.
You were very hungry.

You visited 2 branches of the dungeon, and saw 10 of its levels.

You collected 295 gold pieces.

Inventory:

Hand Weapons
 a - a +0 hand axe
 f - a +0 shortbow
 j - a +0 dagger of venom
   (You took it off a goblin on level 2 of the Dungeon)
 k - a +0 hunting sling
 s - a cursed +0 trident
 x - a cursed +0 trident
 y - a +0 flail of draining (weapon)
   (You took it off an orc on level 4 of the Dungeon)
Missiles
 i - 89 stones (quivered)
 v - 45 arrows
 I - 2 tomahawks
Armour
 b - a +0 leather armour
 w - a +2 helmet
 B - a cursed +0 robe (worn)
 C - a +2 cloak (worn)
 D - a +1 buckler (worn)
 E - a +2 helmet (worn)
 G - a +0 pair of gloves (worn)
Magical Staves
 p - an uncursed staff of earth {unknown}
   (You found it on level 4 of the Dungeon)
Jewellery
 g - a ring of wizardry (left hand)
   (You found it on level 1 of the Dungeon)
 A - a ring of wizardry (right hand)
   (You found it on level 6 of the Dungeon)
Scrolls
 m - 2 scrolls of amnesia {unknown}
 r - 2 scrolls of remove curse
 z - a scroll of silence
 H - a scroll of vulnerability
Potions
 e - a potion of heal wounds {unknown}
 h - 4 potions of haste {unknown}
 q - 2 potions of flight
 u - a potion of resistance
 J - 2 potions of degeneration
Books
 c - a book of Battle

   Spells                             Type                      Level
   a - Infusion                       Charms                       1
   b - Shroud of Golubria             Charms/Translocation         2
   c - Song of Slaying                Charms                       2
   d - Spectral Weapon                Hexes/Charms                 3
   e - Regeneration                   Charms/Necromancy            3
 l - a Young Poisoner's Handbook
   (You found it on level 1 of the Lair of Beasts)

   Spells                             Type                      Level
   a - Sting                          Conjuration/Poison           1
   b - Poisonous Vapours              Poison/Air                   2
   c - Mephitic Cloud                 Conjuration/Poison/Air       3
   d - Olgreb's Toxic Radiance        Poison                       4
   e - Venom Bolt                     Conjuration/Poison           5
 n - a book of Changes
   (You found it on level 3 of the Dungeon)

   Spells                             Type                      Level
   a - Beastly Appendage              Transmutation                1
   b - Sticks to Snakes               Transmutation                2
   c - Spider Form                    Transmutation/Poison         3
   d - Ice Form                       Ice/Transmutation            4
   e - Blade Hands                    Transmutation                5
 F - a book of Air
   (You found it on level 7 of the Dungeon)

   Spells                             Type                      Level
   a - Shock                          Conjuration/Air              1
   b - Swiftness                      Charms/Air                   2
   c - Static Discharge               Conjuration/Air              3
   d - Airstrike                      Air                          4
   e - Lightning Bolt                 Conjuration/Air              5
Comestibles
 d - 10 rations


   Skills:
 + Level 6.7 Fighting
 + Level 4.8 Short Blades
 + Level 4.8 Long Blades
 + Level 6.7 Axes
 + Level 4.8 Maces & Flails
 + Level 4.8 Polearms
 + Level 4.8 Staves
 + Level 4.8 Slings
 + Level 4.8 Bows
 + Level 4.8 Crossbows
 + Level 4.8 Throwing
 + Level 5.5 Armour
 + Level 6.7 Dodging
 + Level 4.8 Stealth
 + Level 4.8 Shields
 + Level 4.8 Unarmed Combat
 + Level 7.0 Spellcasting
 + Level 4.0 Conjurations
 + Level 4.0 Hexes
 + Level 6.8 Charms
 + Level 4.0 Summonings
 + Level 4.0 Necromancy
 + Level 4.0 Translocations
 + Level 4.0 Transmutations
 + Level 4.0 Fire Magic
 + Level 4.0 Ice Magic
 + Level 4.0 Air Magic
 + Level 4.0 Earth Magic
 + Level 4.0 Poison Magic
 + Level 5.3 Invocations
 + Level 4.8 Evocations


You had 12 spell levels left.
You knew the following spells:

 Your Spells              Type           Power        Failure   Level  Hunger
g - Shroud of Golubria    Chrm/Tloc      #####.....   1%          2    None
i - Infusion              Chrm           ####         1%          1    None
r - Regeneration          Chrm/Necr      #####.....   1%          3    None
w - Spectral Weapon       Hex/Chrm       #####...     1%          3    None
y - Song of Slaying       Chrm           #####...     1%          2    None


Dungeon Overview and Level Annotations

Branches:
Dungeon (9/15)             Temple (0/1) D:4            Lair (1/6) D:9
    Orc: D:9-12

Altars:
Ashenzari
Cheibriados
Dithmenos
Fedhas
Wu Jian

Annotations:
Lair:1 Fannar, Grum


Innate Abilities, Weirdness & Mutations

Your experience applies equally to all skills.
You have very sharp teeth.
Your uncanny sense of smell can sniff out nearby items.
You are partially covered in thin metallic scales. (AC +2)
Scrolls take you a little longer to read.
You occasionally shout uncontrollably at your foes.


Message History

You draw out your weapon's spirit!
The wolf closely misses you. You block the wolf's attack. The wolf bites you.
You hit the wolf but do no damage.
You hear a howl!
Your spectral weapon closely misses the wolf.
The wolf bites you but does no damage. You block the wolf's attack. x2
The wolf bites you!
* * * LOW HITPOINT WARNING * * *
You hit the wolf.
The wolf is lightly wounded.
Your spectral weapon hits the wolf but does no damage.
The wolf barely misses you. The wolf bites you.
* * * LOW HITPOINT WARNING * * *
The wolf misses you. You block the wolf's attack.
You barely miss the wolf. Your bite misses the wolf.
The wolf is lightly wounded.
Your spectral weapon closely misses the wolf.
The wolf completely misses you. The wolf misses you. The wolf bites you.
* * * LOW HITPOINT WARNING * * *
The wolf barely misses you.
You thump the wolf! You drain the wolf!
The wolf is severely wounded.
Your spectral weapon closely misses the wolf.
The wolf misses you. The wolf closely misses you. The wolf misses you.
The wolf closely misses you. The wolf bites you but does no damage.
You hit the wolf. Your bite misses the wolf.
The wolf is almost dead.
Your spectral weapon barely misses the wolf.
You block the wolf's attack. The wolf misses you.
You closely miss the wolf.
The wolf is almost dead.
Your spectral weapon barely misses the wolf.
The wolf closely misses you. The wolf barely misses you.
You block the wolf's attack. The wolf misses you. The wolf closely misses you.
You hit the wolf but do no damage. You drain the wolf!
The wolf is almost dead.
Your spectral weapon hits the wolf!
You kill the wolf!
Cheibriados thoroughly appreciates the change of pace.
Your Conjurations skill increases to level 4!
Your Hexes skill increases to level 4!
Your Summonings skill increases to level 4!
Your Necromancy skill increases to level 4!
Your Translocations skill increases to level 4!
Your Transmutations skill increases to level 4!
Your Fire Magic skill increases to level 4!
Your Ice Magic skill increases to level 4!
Your Air Magic skill increases to level 4!
Your Earth Magic skill increases to level 4!
Your Poison Magic skill increases to level 4!
You block the wolf's attack. The wolf closely misses you.
The wolf bites your spectral weapon.
Your spectral weapon shares its damage with you!
* * * LOW HITPOINT WARNING * * *
Grum hits you but does no damage. The wolf barely misses you.
You closely miss the wolf. Your bite misses the wolf.
Your spectral weapon hits the wolf!
The wolf bites your spectral weapon but does no damage.
The wolf misses your spectral weapon.
The wolf closely misses your spectral weapon.
Grum hits you from afar with a spear of freezing!
* * * LOW HITPOINT WARNING * * *
Grum freezes you.
* * * LOW HITPOINT WARNING * * *
The wolf misses your spectral weapon.
Okay, then.
Really read with blurry vision while enemies are nearby?
Uppercase [Y]es or [N]o only, please.
Really read with blurry vision while enemies are nearby?
Uppercase [Y]es or [N]o only, please.
Really read with blurry vision while enemies are nearby?
The wolf bites your spectral weapon.
Your spectral weapon shares its damage with you!
* * * LOW HITPOINT WARNING * * *
You begin reading the scroll.
You continue reading the scroll.
The wolf bites you but does no damage. Grum barely misses you.
The wolf closely misses your spectral weapon.
The wolf closely misses you.
As you read the scroll of teleportation, it crumbles to dust.
You feel strangely unstable.
Unknown command.
You barely miss the wolf.
The wolf is heavily wounded.
Your spectral weapon hits the wolf!
You kill the wolf!
Cheibriados thoroughly appreciates the change of pace.
You can now inflict damage on those overly hasty.
Cheibriados raises the support of your attributes as your movement slows.
The wolf bites you.
* * * LOW HITPOINT WARNING * * *
You block Grum's attack.
Fannar says, "You will make a fine ice sculpture."
The wolf closely misses you.
You barely miss the wolf. Your bite misses the wolf.
Your spectral weapon hits the wolf.
The wolf misses you. Grum misses you. You block the wolf's attack.
Grum hits you from afar with a spear of freezing.
* * * LOW HITPOINT WARNING * * *
Grum freezes you.
You die...

#......# ##......# ..
#.......# .. ###......####
..#######.##......##.######
...........$...)............
................(...........
..e..........F.(............
....FF.......egh@...........
.....hg.............$.....(.
....hh......................
......##..#############.####
....### ## ## ....# ....#
....# ....#


You could see Fannar, Grum, a spiny frog, a wolf and a friendly spectral flail
of draining.

Vanquished Creatures
  A hippogriff (D:8)
  3 yaks (D:9)
  A hungry ghost (D:7)
  4 sky beasts
  2 ice beasts
  A hornet zombie (D:8)
  An eye of draining (D:9)
  2 ogres
  A black bear (D:6)
  2 wolves (Lair:1)
  2 centaurs
  A big kobold (D:8)
  3 bullfrogs
  A water moccasin zombie (D:8)
  4 scorpions
  14 killer bees
  2 hounds
  2 orc priests
  2 orc wizards
  2 iguanas
  2 worker ants
  A howler monkey zombie (D:9)
  Robin (D:4)
  3 adders
  A shadow imp (D:5)
  An adder zombie (D:9)
  An adder skeleton (D:4)
  4 worms
  2 leopard geckos
  12 orcs
  A giant cockroach (D:3)
  12 goblins
  10 hobgoblins
  8 jackals
  2 quokkas
  3 bats
  A frilled lizard (D:3)
  7 kobolds
  A leopard gecko skeleton (D:6)
  A quokka skeleton (D:4)
  5 rats
130 creatures vanquished.

Vanquished Creatures (others)
  A spectral weapon (D:7)
1 creature vanquished.

Grand Total: 131 creatures vanquished

Notes
Turn   | Place    | Note
-------+----------+-------------------------------------------
     0 | D:1      | tidbits the Gnoll Skald began the quest for the Orb.
     0 | D:1      | Reached XP level 1. HP: 20/20 MP: 6/6
    88 | D:1      | Reached XP level 2. HP: 26/26 MP: 3/7
    94 | D:1      | Learned a level 2 spell: Song of Slaying
    97 | D:1      | Learned a level 2 spell: Shroud of Golubria
   134 | D:3      | Found an ornate altar of the Wu Jian Council.
   261 | D:2      | Reached XP level 3. HP: 18/31 MP: 3/9
   265 | D:2      | Reached skill level 5 in Spellcasting
   333 | D:2      | Learned a level 3 spell: Regeneration
   337 | D:2      | Learned a level 3 spell: Spectral Weapon
   375 | D:3      | Found a snail-covered altar of Cheibriados.
   384 | D:3      | Reached skill level 1 in Invocations
   386 | D:3      | Became a worshipper of Cheibriados the Contemplative
   423 | D:4      | Found a staircase to the Ecumenical Temple.
   477 | D:3      | Reached skill level 1 in Short Blades
   477 | D:3      | Reached skill level 1 in Long Blades
   477 | D:3      | Reached skill level 1 in Maces & Flails
   477 | D:3      | Reached skill level 1 in Polearms
   477 | D:3      | Reached skill level 1 in Staves
   477 | D:3      | Reached skill level 1 in Slings
   477 | D:3      | Reached skill level 1 in Bows
   477 | D:3      | Reached skill level 1 in Crossbows
   477 | D:3      | Reached skill level 1 in Throwing
   477 | D:3      | Reached skill level 1 in Stealth
   477 | D:3      | Reached skill level 1 in Shields
   477 | D:3      | Reached skill level 1 in Unarmed Combat
   477 | D:3      | Reached skill level 1 in Evocations
   477 | D:3      | Reached XP level 4. HP: 25/38 MP: 3/11
   506 | D:4      | Reached skill level 1 in Conjurations
   506 | D:4      | Reached skill level 1 in Hexes
   506 | D:4      | Reached skill level 1 in Summonings
   506 | D:4      | Reached skill level 1 in Necromancy
   506 | D:4      | Reached skill level 1 in Translocations
   506 | D:4      | Reached skill level 1 in Transmutations
   506 | D:4      | Reached skill level 1 in Fire Magic
   506 | D:4      | Reached skill level 1 in Ice Magic
   506 | D:4      | Reached skill level 1 in Air Magic
   506 | D:4      | Reached skill level 1 in Earth Magic
   506 | D:4      | Reached skill level 1 in Poison Magic
   510 | D:4      | Reached XP level 5. HP: 16/43 MP: 3/12
   548 | D:4      | Noticed an ogre
   554 | D:4      | Killed an ogre
   554 | D:4      | Reached skill level 3 in Armour
   554 | D:4      | Reached XP level 6. HP: 34/50 MP: 1/13
   558 | D:4      | Noticed Robin
   577 | D:4      | Killed Robin
   577 | D:4      | Reached * piety under Cheibriados
   577 | D:4      | Reached skill level 2 in Invocations
   617 | D:5      | Entered Level 5 of the Dungeon
   707 | D:5      | Got a polished dagger
   708 | D:5      | Identified the cursed +0 dagger of Cazanidd {freeze, Fragile MR++ Str+10 Stlth-} (You found it on level 5 of the Dungeon)
   715 | D:5      | Noticed an ice beast
   725 | D:5      | Reached skill level 5 in Fighting
   725 | D:5      | Reached skill level 5 in Axes
   725 | D:5      | Reached skill level 5 in Dodging
   728 | D:5      | Killed an ice beast
   728 | D:5      | Reached skill level 2 in Short Blades
   728 | D:5      | Reached skill level 2 in Long Blades
   728 | D:5      | Reached skill level 2 in Maces & Flails
   728 | D:5      | Reached skill level 2 in Polearms
   728 | D:5      | Reached skill level 2 in Staves
   728 | D:5      | Reached skill level 2 in Slings
   728 | D:5      | Reached skill level 2 in Bows
   728 | D:5      | Reached skill level 2 in Crossbows
   728 | D:5      | Reached skill level 2 in Throwing
   728 | D:5      | Reached skill level 2 in Stealth
   728 | D:5      | Reached skill level 2 in Shields
   728 | D:5      | Reached skill level 2 in Unarmed Combat
   728 | D:5      | Reached skill level 2 in Evocations
   795 | D:5      | Reached XP level 7. HP: 35/56 MP: 11/15
   887 | D:6      | Reached skill level 2 in Conjurations
   887 | D:6      | Reached skill level 2 in Hexes
   887 | D:6      | Reached skill level 2 in Summonings
   887 | D:6      | Reached skill level 2 in Necromancy
   887 | D:6      | Reached skill level 2 in Translocations
   887 | D:6      | Reached skill level 2 in Transmutations
   887 | D:6      | Reached skill level 2 in Fire Magic
   887 | D:6      | Reached skill level 2 in Ice Magic
   887 | D:6      | Reached skill level 2 in Air Magic
   887 | D:6      | Reached skill level 2 in Earth Magic
   887 | D:6      | Reached skill level 2 in Poison Magic
   955 | D:6      | Found a shadowy altar of Dithmenos.
  1046 | D:6      | Reached skill level 3 in Invocations
  1072 | D:6      | Reached skill level 6 in Charms
  1072 | D:6      | Reached XP level 8. HP: 49/63 MP: 10/16
  1123 | D:6      | Reached skill level 3 in Short Blades
  1123 | D:6      | Reached skill level 3 in Long Blades
  1123 | D:6      | Reached skill level 3 in Maces & Flails
  1123 | D:6      | Reached skill level 3 in Polearms
  1123 | D:6      | Reached skill level 3 in Staves
  1123 | D:6      | Reached skill level 3 in Slings
  1123 | D:6      | Reached skill level 3 in Bows
  1123 | D:6      | Reached skill level 3 in Crossbows
  1123 | D:6      | Reached skill level 3 in Throwing
  1123 | D:6      | Reached skill level 4 in Armour
  1123 | D:6      | Reached skill level 3 in Stealth
  1123 | D:6      | Reached skill level 3 in Shields
  1123 | D:6      | Reached skill level 3 in Unarmed Combat
  1123 | D:6      | Reached skill level 3 in Evocations
  1157 | D:6      | Reached ** piety under Cheibriados
  1217 | D:7      | Found a blossoming altar of Fedhas.
  1273 | D:7      | Reached skill level 6 in Spellcasting
  1386 | D:7      | Reached skill level 4 in Invocations
  1449 | D:8      | Reached skill level 3 in Conjurations
  1449 | D:8      | Reached skill level 3 in Hexes
  1449 | D:8      | Reached skill level 3 in Summonings
  1449 | D:8      | Reached skill level 3 in Necromancy
  1449 | D:8      | Reached skill level 3 in Translocations
  1449 | D:8      | Reached skill level 3 in Transmutations
  1449 | D:8      | Reached skill level 3 in Fire Magic
  1449 | D:8      | Reached skill level 3 in Ice Magic
  1449 | D:8      | Reached skill level 3 in Air Magic
  1449 | D:8      | Reached skill level 3 in Earth Magic
  1449 | D:8      | Reached skill level 3 in Poison Magic
  1455 | D:8      | Noticed a hippogriff
  1469 | D:8      | Killed a hippogriff
  1469 | D:8      | Reached skill level 6 in Fighting
  1469 | D:8      | Reached skill level 6 in Axes
  1469 | D:8      | Reached skill level 6 in Dodging
  1469 | D:8      | Reached XP level 9. HP: 69/69 MP: 11/18
  1517 | D:8      | Reached *** piety under Cheibriados
  1593 | D:8      | Reached skill level 4 in Short Blades
  1593 | D:8      | Reached skill level 4 in Long Blades
  1593 | D:8      | Reached skill level 4 in Maces & Flails
  1593 | D:8      | Reached skill level 4 in Polearms
  1593 | D:8      | Reached skill level 4 in Staves
  1593 | D:8      | Reached skill level 4 in Slings
  1593 | D:8      | Reached skill level 4 in Bows
  1593 | D:8      | Reached skill level 4 in Crossbows
  1593 | D:8      | Reached skill level 4 in Throwing
  1593 | D:8      | Reached skill level 4 in Stealth
  1593 | D:8      | Reached skill level 4 in Shields
  1593 | D:8      | Reached skill level 4 in Unarmed Combat
  1593 | D:8      | Reached skill level 4 in Evocations
  1653 | D:9      | Reached skill level 5 in Armour
  1713 | D:9      | Reached skill level 5 in Invocations
  1781 | D:9      | Found a staircase to the Lair.
  1801 | D:9      | Reached XP level 10. HP: 60/77 MP: 6/20
  1805 | D:9      | Reached **** piety under Cheibriados
  1805 | D:9      | Reached skill level 7 in Spellcasting
  1844 | D:9      | Found a shattered altar of Ashenzari.
  1889 | Lair:1   | Entered Level 1 of the Lair of Beasts
  1924 | Lair:1   | Noticed Grum
  1924 | Lair:1   | Noticed a spiny frog
  1926 | Lair:1   | Noticed a spiny frog
  1926 | Lair:1   | Gained mutation: Scrolls take you a little longer to read. [potion of mutation]
  1926 | Lair:1   | Gained mutation: You occasionally shout uncontrollably at your foes. [potion of mutation]
  1926 | Lair:1   | Gained mutation: You are partially covered in thin metallic scales. (AC +2) [potion of mutation]
  1929 | Lair:1   | Noticed Fannar
  1947 | Lair:1   | Reached skill level 4 in Conjurations
  1947 | Lair:1   | Reached skill level 4 in Hexes
  1947 | Lair:1   | Reached skill level 4 in Summonings
  1947 | Lair:1   | Reached skill level 4 in Necromancy
  1947 | Lair:1   | Reached skill level 4 in Translocations
  1947 | Lair:1   | Reached skill level 4 in Transmutations
  1947 | Lair:1   | Reached skill level 4 in Fire Magic
  1947 | Lair:1   | Reached skill level 4 in Ice Magic
  1947 | Lair:1   | Reached skill level 4 in Air Magic
  1947 | Lair:1   | Reached skill level 4 in Earth Magic
  1947 | Lair:1   | Reached skill level 4 in Poison Magic
  1951 | Lair:1   | HP: 7/77 [wolf[Grum] (4)]
  1952 | Lair:1   | HP: 2/77 [Grum/spear of freezing (6)]
  1952 | Lair:1   | Slain by Grum

Skill      XL: |  1  2  3  4  5  6  7  8  9 10 |
---------------+-------------------------------+-----
Spellcasting   | 5 6 7 |  7.0
Invocations    | 1 2 3 4 5 |  5.3
Short Blades   | 1 2 3 4 |  4.8
Long Blades    | 1 2 3 4 |  4.8
Maces & Flails | 1 2 3 4 |  4.8
Polearms       | 1 2 3 4 |  4.8
Staves         | 1 2 3 4 |  4.8
Slings         | 1 2 3 4 |  4.8
Bows           | 1 2 3 4 |  4.8
Crossbows      | 1 2 3 4 |  4.8
Throwing       | 1 2 3 4 |  4.8
Stealth        | 1 2 3 4 |  4.8
Shields        | 1 2 3 4 |  4.8
Unarmed Combat | 1 2 3 4 |  4.8
Evocations     | 1 2 3 4 |  4.8
Conjurations   | 1 2 3 4 |  4.0
Hexes          | 1 2 3 4 |  4.0
Summonings     | 1 2 3 4 |  4.0
Necromancy     | 1 2 3 4 |  4.0
Translocations | 1 2 3 4 |  4.0
Transmutations | 1 2 3 4 |  4.0
Fire Magic     | 1 2 3 4 |  4.0
Ice Magic      | 1 2 3 4 |  4.0
Air Magic      | 1 2 3 4 |  4.0
Earth Magic    | 1 2 3 4 |  4.0
Poison Magic   | 1 2 3 4 |  4.0
Armour         | 3 4 5 |  5.5
Fighting       | 5 6 |  6.7
Axes           | 5 6 |  6.7
Dodging        | 5 6 |  6.7
Charms         | 6 |  6.8

Action                   |  1- 3 |  4- 6 |  7- 9 | 10-12 || total
-------------------------+-------+-------+-------+-------++-------
Melee: Hand axe          |    70 |    62 |    19 |       ||   151
       Bite              |     4 |     8 |    22 |     2 ||    36
       Punch             |     1 |       |       |       ||     1
       Flail             |       |    11 |   163 |    18 ||   192
Throw: Stone             |       |       |     2 |       ||     2
 Cast: Infusion          |     5 |       |       |       ||     5
       Song of Slaying   |     4 |     4 |    11 |     1 ||    20
       Shroud of Golubri |     1 |     2 |    14 |     1 ||    18
       Spectral Weapon   |     3 |     6 |    21 |     1 ||    31
       Regeneration      |       |     3 |     6 |       ||     9
  Use: Scroll            |       |     4 |     3 |     6 ||    13
       Potion            |       |       |       |     1 ||     1
 Stab: Sleeping          |     1 |     1 |     2 |       ||     4
       Distracted        |       |     1 |     1 |       ||     2
  Eat: Chunk             |       |       |     3 |       ||     3
Armor: Leather armour    |     5 |     9 |    32 |       ||    46
       Robe              |       |       |     8 |    14 ||    22
Dodge: Dodged            |    48 |    39 |   106 |    37 ||   230
Block: Buckler           |     4 |    16 |    55 |    17 ||    92

Table legend:
 A = Turns spent in this place as a percentage of turns spent in the entire game.
 B = Non-inter-level travel turns spent in this place as a percentage of non-inter-level travel turns spent in the entire game.
 C = Inter-level travel turns spent in this place as a percentage of turns spent in this place.
 D = Turns resting spent in this place as a percentage of non-inter-level travel turns spent in this place.
 E = Turns spent auto-exploring this place as a percentage of non-inter-level travel turns spent in this place.
 F = Non-inter-level travel turns spent in this place divided by the number of levels of this place that you've seen.
                   A       B       C       D       E      F
               +-------+-------+-------+-------+-------+----------------------
         Total | 100.0 | 100.0 |   3.2 |   0.0 |   0.0 | 188.9
       Dungeon |  96.8 |  96.7 |   3.3 |   0.0 |   0.0 | 202.9
          Lair |   3.2 |   3.3 |   0.0 |   0.0 |   0.0 |  63.0
               +-------+-------+-------+-------+-------+----------------------

Table legend:
 A = Kills in this place as a percentage of kills in entire the game.
 B = Kills by you in this place as a percentage of kills by you in the entire game.
 C = Kills by friends in this place as a percentage of kills by friends in the entire game.
 D = Other kills in this place as a percentage of other kills in the entire game.
 E = Experience gained in this place as a percentage of experience gained in the entire game.
 F = Experience gained in this place divided by the number of levels of this place that you have seen.
                   A       B       C       D       E      F
               +-------+-------+-------+-------+-------+----------------------
         Total | 100.0 | 100.0 |   N/A |   N/A | 100.0 | 515.0
       Dungeon |  98.5 |  98.5 |   N/A |   N/A |  95.3 | 545.6
          Lair |   1.5 |   1.5 |   N/A |   N/A |   4.7 | 240.0
               +-------+-------+-------+-------+-------+----------------------

Vault maps used:
D:1:      scummos_arrival_simple_fountains
D:2:      cheibrodos_greedy_goblins, okawaru_trees_1, grunt_gozag_statues,
          marbit_many_paths, gammafunk_temple_overflow_statue
D:3:      minmay_diamond_boxcup, bloody_trog, kiku_gazebo_garden_becter,
          nicolae_overflow_crystal_walls, first_ration, minmay_crystal_room,
          glass_columns_a, cheibriados_altar_1, uniq_ijyb, uniq_grinder,
          uniq_jessica
D:4:      minmay_temple_entry_butterflies, fedhas_altar_3, uniq_robin
D:5:      kb_forest_paths
D:6:      black_bear_nest_2, nicolae_dithmenos_the_darkroom, led_sif_pool,
          basic_altar
D:7:      basic_altar, the_bakery
D:8:      minmay_misc_feat_cross, grunt_decor_arrowhead
D:9:      ashenzari_conservatory_becter, lemuel_coloured_pillars_altar,
          old_standard_altar, lair_entry_dummy, serial_glass, glass_columns_b,
          glass_columns_b, glass_columns_b, glass_columns_a, glass_columns_a,
          glass_columns_c
Lair:1:   uniq_fannar, uniq_grum
